 Dungeon Crawl Stone Soup version 0.17-a0-1718-g72dbe4d (webtiles) character file.

218 SirGodfroy the Scratcher (level 5, 0/22 HPs)
             Began as a Felid Transmuter on Aug 24, 2015.
             Was an Initiate of Cheibriados.
             Slain by a gnoll
             ... wielding a +0 halberd
              (7 damage)
             ... on level 4 of the Dungeon.
             The game lasted 00:12:04 (4738 turns).

SirGodfroy the Scratcher (Felid Transmuter)         Turns: 4738, Time: 00:12:05

Health: 0/22       AC:  2    Str:  9    XL:     5   Next: 63%
Magic:  1/9        EV: 19    Int: 15    God:    Cheibriados [......]
Gold:   117        SH:  0    Dex: 18    Spells: 2 memorised, 4 levels left
                                        Lives:  0   Deaths: 1

rFire  . . .     SeeInvis +       - Unarmed
rCold  . . .     Clarity  .     (armour unavailable)
rNeg   . . .     SustAt   .     (shield unavailable)
rPois  .         Gourm    .     (helmet unavailable)
rElec  .         Spirit   .     (cloak unavailable)
rCorr  .         Warding  .     (gloves unavailable)
rMut   .         Stasis   .     (boots unavailable)
MR     .....                    (no amulet)
Stlth  ++........               (no ring)
                                (no ring)

@: about to teleport, very slightly contaminated, slow, not resistant to hostile
enchantments, unstealthy
A: no armour, no weapons or thrown items, claws 1, fangs 3, see invisible,
carnivore 3, speed 1, shaggy fur 2, slow metabolism 1, sharp paws
a: Bend Time, Renounce Religion


You were on level 4 of the Dungeon.
You worshipped Cheibriados.
Cheibriados was noncommittal.
You were not hungry.

You visited 1 branch of the dungeon, and saw 4 of its levels.

You collected 117 gold pieces.

Inventory:

Missiles
 a - 49 arrows
 e - 16 arrows of frost
Magical devices
 m - a wand of slowing (42)
Scrolls
 d - 7 scrolls of remove curse
 f - a scroll of teleportation
 h - a scroll of immolation
 j - 3 scrolls of identify {unknown}
 p - 3 scrolls of random uselessness {unknown}
Potions
 k - a potion of flight
 n - a potion of resistance
Books
 b - a book of Changes

   Spells                             Type                      Level
   a - Beastly Appendage              Transmutation                1
   b - Sticks to Snakes               Transmutation                2
   c - Spider Form                    Transmutation/Poison         3
   d - Ice Form                       Ice/Transmutation            4
   e - Blade Hands                    Transmutation                5
Comestibles
 c - a meat ration
 g - a royal jelly
 o - a beef jerky


   Skills:
 + Level 2.2 Fighting
 + Level 3.8 Dodging
 * Level 6.6 Unarmed Combat
 - Level 2.0 Spellcasting
 + Level 3.0 Transmutations


You had 4 spell levels left.
You knew the following spells:

 Your Spells              Type           Power        Failure   Level  Hunger
a - Beastly Appendage     Trmt           ##....       8%          1    #......
b - Spider Form           Trmt/Pois      #.........   34%         3    ###....


Dungeon Overview and Level Annotations

Branches:
Dungeon (4/15)
 Temple: D:4-7

Altars:
Cheibriados
Gozag
Trog
Vehumet
The Shining One

Annotations:
D:4 1 exclusion


Innate Abilities, Weirdness & Mutations

You cannot wear armour.
You are incapable of wielding weapons or throwing items.
You have sharp claws.
You have razor-sharp teeth.
You have supernaturally acute eyesight.
You are carnivorous and can eat meat at any time.
You cover ground quickly.
You are covered in thick fur (AC +2).
You have a slow metabolism.
Your sharp claws are effective at attacking unaware monsters.


Message History

The giant cockroach waves its antennae.
The giant cockroach misses you.
The giant cockroach completely misses you.
The giant cockroach closely misses you. The giant cockroach bites you.
The hound bites you.
Casting: Spider Form
Confirm with . or Enter, or press ? or * to list all spells.
You miscast Spider Form.
Waves of light ripple over your body. The hound closely misses you.
Read which item? (? for menu, Esc to quit)
As you read the scroll of teleportation, it crumbles to dust.
You feel strangely unstable. The hound barely misses you.
The gnoll barely misses you. The hound bites you. The hound bites you.
You scratch the hound.
The hound is moderately wounded.
The hound completely misses you.
The gnoll hits you from afar with a halberd!
You die...

.§.#####..## ###........ ...##
##..# ##....######.#####
.)..######.# ###.<..## ......
##.....###.###...#### .#.....
#...............# #.#.....
##..##.........## ##..#.....
##.#####....### #.. #..... #.#
#....s#### #.###).... #
#.#####...s.h@# ##.##......
####...# ######s#######..##......
..####.# ##..gg.#.......).)......
#.####.###..#####.###g.#####.####
#.....<.#..####...##..#####..#
######....))...÷####.###.....#
######.....#########.........#
............#####.gg.###[....#
###.###..##..†.gg.#### #######


You could see a hound, 2 gnolls and 3 giant cockroaches.

Vanquished Creatures
  An iguana (D:4)
  Ijyb (D:2)
  A hound (D:4)
  3 worker ants (D:4)
  An orc wizard (D:4)
  A hound skeleton (D:4)
  4 gnolls (D:4)
  8 adders
  A shadow imp (D:3)
  An ooze (D:1)
  6 worms
  3 giant geckos
  8 orcs
  9 bats
  8 giant cockroaches
  6 goblins
  9 hobgoblins
  9 kobolds
  4 giant newts
  A quokka (D:3)
  5 rats
90 creatures vanquished.

Vanquished Creatures (others)
  An ooze (D:4)
  An orc (D:4)
  A rat (D:4)
3 creatures vanquished.

Grand Total: 93 creatures vanquished

Notes
Turn   | Place    | Note
--------------------------------------------------------------
     0 | D:1      | SirGodfroy the Felid Transmuter began the quest for the Orb.
     0 | D:1      | Reached XP level 1. HP: 9/9 MP: 4/4
   279 | D:1      | Reached XP level 2. HP: 12/12 MP: 4/6
   705 | D:1      | Reached skill level 4 in Unarmed Combat
  1003 | D:2      | Reached XP level 3. HP: 10/15 MP: 4/7
  1108 | D:2      | Learned a level 3 spell: Spider Form
  1479 | D:2      | Found a bloodstained altar of Trog.
  1479 | D:2      | Noticed Ijyb
  1500 | D:2      | Killed Ijyb
  1500 | D:2      | Reached skill level 5 in Unarmed Combat
  1500 | D:2      | Reached XP level 4. HP: 8/19 MP: 6/8
  2556 | D:3      | Reached XP level 5. HP: 19/22 MP: 9/9
  3139 | D:3      | Found an opulent altar of Gozag.
  3378 | D:3      | Found a glowing golden altar of the Shining One.
  3787 | D:4      | Found a radiant altar of Vehumet.
  3976 | D:4      | Reached skill level 6 in Unarmed Combat
  4080 | D:4      | Found a snail-covered altar of Cheibriados.
  4098 | D:4      | Became a worshipper of Cheibriados the Contemplative
  4182 | D:4      | Gained mutation: You are covered in thick fur (AC +2). [Felid growth]
  4182 | D:4      | Reached XP level 6. HP: 24/26 MP: 8/10
  4677 | D:4      | HP: 1/26 [gnoll/halberd (7)]
  4695 | D:4      | Slain by a gnoll
  4696 | D:4      | Reached XP level 5. HP: -2/22 MP: 9/9
  4738 | D:4      | Slain by a gnoll

Vault maps used:
D:1:      eino_arrival_cavern_d, minmay_misc_feat_nine_boxes,
          wad_woods_river_04, minmay_misc_feat_x
D:2:      lemuel_coloured_pillars_altar, grunt_decor_resistance, uniq_iyjb
D:3:      tgw_sif, nicolae_tso_swordbearing_angel, nicolae_gozag_seed_capital
D:4:      cheibriados_altar_wand_db, fiery_altar_vehumet

Action                   |  1- 3 |  4- 6 || total
-------------------------+-------+-------++-------
Melee: Unarmed           |    70 |   191 ||   261
 Cast: Beastly Appendage |    22 |    38 ||    60
  Use: Potion            |       |     4 ||     4
       Scroll            |       |     5 ||     5
 Stab: Sleeping          |     7 |     1 ||     8
  Eat: Chunk             |     9 |     7 ||    16
